 Dungeon Crawl Stone Soup version 0.31-a0-728-g01b46875f1 (webtiles) character file.

Game seed: 10341177984370085843

24259 Shayle the Fighter (level 13, 0/146 HPs)
             Began as an Ogre Shapeshifter on Sept 11, 2023.
             Was an Elder of Kikubaaqudgha.
             Succumbed to a water moccasin's poison
             ... on level 5 of the Lair of Beasts.
             The game lasted 01:27:36 (23132 turns).

Shayle the Fighter (Ogre Shapeshifter)             Turns: 23132, Time: 01:27:36

Health: 0/146      AC:  8    Str: 27    XL:     13   Next: 12%
Magic:  30/30      EV:  9    Int: 15    God:    Kikubaaqudgha [****..]
Gold:   331        SH:  5    Dex:  8    Spells: 15/23 levels left

rFire   . . .        M - +1 quarterstaff (spect)
rCold   . . .        (shield currently unavailable)
rNeg    . . .        y - +1 steam dragon scales
rPois   .            (helmet restricted)
rElec   .            K - +0 cloak
rCorr   .            (gloves unavailable)
SInv    .            (boots unavailable)
Will    +....        D - amulet of reflection
Stlth   +            l - +6 ring of strength
HPRegen 0.44/turn    C - ring of magical power
MPRegen 0.22/turn

%: reflection, clarity
@: lethally poisoned (0 -> -10)
A: large, unfitting armour, tough skin 1, fangs 1, clarity
a: Renounce Religion, Unearth Wretches


You were on level 5 of the Lair of Beasts.
You worshipped Kikubaaqudgha.
Kikubaaqudgha was greatly pleased with you.
You visited 3 branches of the dungeon, and saw 16 of its levels.
You also visited: Sewer.

You collected 753 gold pieces.
You spent 422 gold pieces at shops.

Inventory:

Hand Weapons
 e - a +2 vampiric dagger
 w - a +0 giant spiked club of flaming
 E - the +4 demon whip of the Rattlesnake {pain, Int+5}
   (You found it on level 1 of the Lair of Beasts)

   Int+5:     It affects your intelligence (+5).
 G - a +2 trident of draining
 M - a +1 spectral quarterstaff (weapon)
Missiles
 f - 2 large rocks (quivered)
 q - a throwing net
 r - 2 darts of dispersal
 z - 3 curare-tipped darts
Armour
 a - a +1 animal skin
 o - a scarf of invisibility
 y - +1 steam dragon scales (worn)
 K - a +0 cloak (worn)
 N - an orb of guile
Jewellery
 l - a +6 ring of strength (left hand)
 s - an amulet of faith
 A - a ring of magical power
 C - a ring of magical power (right hand)
 D - an amulet of reflection (around neck)
Talismans
 c - a beast talisman
 d - a flux talisman
Wands
 I - a wand of polymorph (3)
 J - a wand of digging (3)
Scrolls
 b - 2 scrolls of poison
 h - 2 scrolls of silence
 m - 3 scrolls of immolation
 n - 2 scrolls of amnesia
 t - 4 scrolls of fog
 x - a scroll of vulnerability
 F - 3 scrolls of teleportation
Potions
 i - 2 potions of enlightenment
 j - 3 potions of resistance
 k - 3 potions of haste
 u - a potion of ambrosia {unknown}
 v - 3 potions of mutation
 L - a potion of brilliance


   Skills:
 + Level 14.1 Fighting
 - Level 1.7 Dodging
 + Level 10.4 Unarmed Combat
 - Level 5.9 Spellcasting
 + Level 4.1 Hexes
 + Level 7.7 Necromancy
 + Level 10.5 Shapeshifting


You had 15 spell levels left.
You knew the following spells:

 Your Spells              Type           Power      Damage    Failure   Level
a - Wereblood             Tmut           4%         N/A       22%         2
b - Necrotise             Necr           100%       1d9       1%          1
c - Vampiric Draining     Necr           27%        2d7       1%          3
d - Jinxbite              Hex            32%        N/A       4%          2

Your spell library contained the following spells:

 Spells                   Type           Power      Damage    Failure   Level
 Sublimation of Blood     Necr           27%        N/A       1%          2
 Kiss of Death            Conj/Necr      64%        2d10      3%          1
 Dispel Undead            Necr           27%        3d13      6%          4
 Confusing Touch          Hex            16%        N/A       9%          3
 Sigil of Binding         Hex            16%        N/A       9%          3
 Tukima's Dance           Hex            16%        N/A       9%          3
 Ensorcelled Hibernation  Hex/Ice        20%        N/A       10%         2
 Anguish                  Hex/Necr       11%        N/A       13%         4
 Agony                    Necr           27%        N/A       17%         5
 Passwall                 Tmut/Erth      3%         N/A       22%         2
 Call Canine Familiar     Summ           4%         N/A       41%         3
 Frozen Ramparts          Ice            8%         1d2       41%         3
 Swiftness                Air            4%         N/A       41%         3
 Dimensional Bullseye     Hex/Tloc       5%         N/A       54%         4
 Leda's Liquefaction      Hex/Erth       5%         N/A       54%         4
 Borgnjor's Vile Clutch   Necr/Erth      8%         N/A       63%         5
 Death Channel            Necr           13%        N/A       67%         6
 Iskenderun's Mystic Bla  Conj/Tloc      4%         2d3       83%         4
 Petrify                  Tmut/Erth      4%         N/A       83%         4
 Metabolic Englaciation   Hex/Ice        5%         N/A       87%         5
 Irradiate                Conj/Tmut      2%         3d12      99%         5
 Simulacrum               Ice/Necr       8%         N/A       99%         6


Dungeon Overview and Level Annotations

Branches:
Dungeon (10/15)            Temple (1/1) D:4            Lair (5/5) D:8
 Shoals (0/4) Lair:3       Spider (0/4) Lair:2        Slime (0/5) Lair:5
    Orc (0/2) D:9           Sewer (visited)

Altars:
Ashenzari
Cheibriados
Dithmenos
Elyvilon
Fedhas
Gozag
Hepliaklqana
Kikubaaqudgha
Makhleb
Nemelex Xobeh
Okawaru
Qazlal
Ru
Sif Muna
Trog
Uskayaw
Vehumet
Wu Jian
Xom
Yredelemnul
Zin
The Shining One
Jiyva

Shops:
D:1 [   D:5 ?

Annotations:
D:7 Amaemon
D:8 1 runed translucent door, iamoutofideas's ghost, novice HOBe
Lair:2 2 transporters
Lair:3 exclusion: 2 doors


Innate Abilities, Weirdness & Mutations

You are too large for most types of armour.
You have tough skin. (AC +1)
You have very sharp teeth.
You possess an exceptional clarity of mind.


Message History

* * * LOW HITPOINT WARNING * * *
The blink frog hits you!
* * * LOW HITPOINT WARNING * * *
The blink frog blinks!
Throw: 3 large rocks
Press: ? - help, Q - select action, (/) - cycle Shift-Dir - straight line, f - blink frog
Aim: a blink frog (lightly wounded, 39% to hit)
You throw a large rock. The large rock hits the blink frog!
The blink frog is heavily wounded.
The blink frog blinks!
Okay, then.
As you read the scroll of teleportation, it crumbles to dust.
You feel strangely unstable. The blink frog hits you!
* * * LOW HITPOINT WARNING * * *
The blink frog closely misses you.
Okay, then.
You sock the blink frog!
The blink frog is moderately wounded.
The blink frog hits you!
* * * LOW HITPOINT WARNING * * *
The blink frog blinks!
You hit the blink frog. Your bite misses the blink frog.
The blink frog is moderately wounded.
Your surroundings suddenly seem different.
A basilisk and a water moccasin come into view.
The basilisk hisses angrily.
The water moccasin hisses angrily.
A wyvern comes into view.
As you read the scroll of teleportation, it crumbles to dust.
You feel strangely unstable. The wyvern bites you.
* * * LOW HITPOINT WARNING * * *
The water moccasin barely misses you. The wyvern barely misses you.
The water moccasin bites you.
* * * LOW HITPOINT WARNING * * *
You are lethally poisoned!
The water moccasin poisons you! The water moccasin barely misses you.
Your surroundings suddenly seem different. 2 blink frogs come into view.
Found a staircase to the Slime Pits.
You die...
Kikubaaqudgha rasps: "You have failed me!
Welcome... death!"

......... #. #.......
#.. ######.P...## #
#..###....#......### .#
#........##P.....P. >..
#.........#........._.
##.#............## ..
#...##...###†....#.#..#.
#..P....#..##...@....P.#
#..PP.P.#...#.<.........
##......................
#......................F
#........F.............F
##........F.............
....##.#..#.............
#...###....#............
#..#.###(####.........


You could see 4 blink frogs.

Vanquished Creatures
  Snorg (Lair:3)
  A hydra (Lair:3)
  4 death yaks
  A skyshark (Lair:2)
  A black mamba (Lair:1)
  7 elephants
  Joseph (D:8)
  An orange demon (D:8)
  6 cane toads
  Jeremiah (D:8)
  6 komodo dragons
  2 rime drakes (Lair:2)
  A merfolk (Lair:3)
  A polar bear (Lair:3)
  A hornet (D:9)
  8 blink frogs
  Sigmund (D:5)
  A vampire (D:9)
  2 shadows
  26 yaks
  A wyvern (Lair:3)
  A steam dragon (D:5)
  A basilisk (Lair:3)
  2 wargs (D:8)
  An acid dragon (D:9)
  10 water moccasins
  A black bear (D:4)
  2 ice beasts
  2 orc warriors
  5 centaurs
  An ogre (D:6)
  6 wolves
  4 kobold brigands
  12 bullfrogs
  9 scorpions
  7 killer bees
  2 howler monkeys (D:9)
  4 hounds (D:5)
  Crazy Yiuf (D:7)
  2 gnoll boudas
  6 orc priests
  3 jellies
  2 sleepcaps (D:6)
  4 iguanas
  8 orc wizards
  8 gnolls
  11 adders
  3 white imps
  3 ufetubi (D:5)
  8 worms
  2 dart slugs
  30 orcs
  11 bats
  10 endoplasms
  9 giant cockroaches
  8 goblins
  5 hobgoblins
  7 quokkas
  9 ball pythons
  A frilled lizard (Sewer)
  20 kobolds
  7 rats
  A spectral orc (D:3)
323 creatures vanquished.

Vanquished Creatures (others)
  An orc (D:5)
  3 spectral weapons
4 creatures vanquished.

Grand Total: 327 creatures vanquished

Notes
Turn   | Place    | Note
-------+----------+-------------------------------------------
     0 | D:1      | Shayle the Ogre Shapeshifter began the quest for the Orb.
     0 | D:1      | Reached XP level 1. HP: 19/19 MP: 1/1
    31 | D:1      | You fall into a shaft and drop 1 floor!
   129 | D:1      | Reached XP level 2. HP: 28/28 MP: 2/2
   154 | D:1      | Reached skill level 2 in Fighting
   154 | D:1      | Reached skill level 1 in Spellcasting
   298 | D:1      | Reached XP level 3. HP: 35/35 MP: 4/4
   353 | D:1      | Found a transporter.
   354 | D:1      | Found Leoropir's Armour Shop.
   855 | D:1      | Found a transporter.
  1014 | D:2      | Reached XP level 4. HP: 22/44 MP: 6/6
  1431 | D:2      | Reached skill level 3 in Fighting
  2146 | D:3      | Reached XP level 5. HP: 48/53 MP: 8/8
  2662 | D:3      | Found a basalt altar of Yredelemnul.
  2834 | D:3      | Found a hide-covered altar of Uskayaw.
  2839 | D:3      | Found a shimmering altar of Xom.
  2842 | D:3      | Found a radiant altar of Vehumet.
  2951 | D:4      | Found a glowing drain.
  2962 | Sewer    | Entered a sewer
  3289 | Sewer    | Noticed a kobold brigand
  3302 | Sewer    | Killed a kobold brigand
  3303 | Sewer    | Reached XP level 6. HP: 25/62 MP: 8/10
  3495 | Sewer    | Reached skill level 4 in Fighting
  3778 | D:4      | Found a staircase to the Ecumenical Temple.
  3784 | Temple   | Entered the Ecumenical Temple
  3825 | Temple   | Became a worshipper of Kikubaaqudgha
  4087 | D:4      | Found an ornate altar of the Wu Jian Council.
  4152 | D:4      | Found a stormy altar of Qazlal.
  4254 | D:4      | Reached XP level 7. HP: 48/71 MP: 12/12
  4420 | D:4      | Reached skill level 5 in Fighting
  4525 | D:5      | Entered Level 5 of the Dungeon
  4803 | D:5      | Noticed Sigmund
  4808 | D:5      | Killed Sigmund
  4827 | D:5      | Reached XP level 8. HP: 69/83 MP: 14/14
  5055 | D:5      | Reached skill level 5 in Shapeshifting
  5080 | D:5      | Reached skill level 6 in Fighting
  5092 | D:5      | Reached skill level 5 in Unarmed Combat
  5299 | D:5      | Found Ossedgh's Magic Scroll Boutique.
  5322 | D:5      | Bought a scroll of brand weapon for 104 gold pieces
  5322 | D:5      | Bought a scroll of brand weapon for 104 gold pieces
  5513 | D:4      | HP: 1/83 [gnoll bouda/+0 whip (4)]
  5778 | D:4      | Learned a level 2 spell: Wereblood
  6121 | D:5      | Reached skill level 5 in Spellcasting
  6845 | D:6      | Reached skill level 7 in Fighting
  7364 | D:6      | Reached * piety under Kikubaaqudgha
  7364 | D:6      | Received a gift from Kikubaaqudgha
  7365 | D:6      | Reached XP level 9. HP: 87/93 MP: 17/17
  8009 | D:6      | Reached skill level 8 in Fighting
  8221 | D:6      | Found a blossoming altar of Fedhas.
  9465 | D:7      | Reached skill level 9 in Fighting
  9631 | D:7      | Found a runed translucent door.
  9632 | D:7      | Noticed Crazy Yiuf
 10016 | D:8      | Reached skill level 1 in Necromancy
 10028 | D:8      | Noticed Jeremiah
 10297 | D:9      | Reached XP level 10. HP: 71/107 MP: 18/18
 10313 | D:9      | Reached ** piety under Kikubaaqudgha
 10761 | D:9      | Reached skill level 10 in Fighting
 11236 | D:8      | Found a staircase to the Lair.
 11813 | D:7      | Killed Crazy Yiuf
 12202 | D:8      | Noticed Joseph
 12219 | D:8      | Killed Joseph
 12490 | D:8      | Killed Jeremiah
 12500 | D:8      | Learned a level 1 spell: Necrotise
 12504 | D:8      | Learned a level 3 spell: Vampiric Draining
 12513 | D:8      | Found a runed translucent door.
 12514 | D:8      | Noticed Amaemon
 12516 | D:8      | Noticed an orange demon
 13193 | D:9      | Found a staircase to the Orcish Mines.
 13755 | D:9      | Reached skill level 11 in Fighting
 14030 | D:8      | Reached *** piety under Kikubaaqudgha
 14030 | D:8      | Received a gift from Kikubaaqudgha
 14193 | D:8      | Reached XP level 11. HP: 76/120 MP: 19/19
 14309 | Lair:1   | Entered Level 1 of the Lair of Beasts
 14447 | D:8      | Found a sparkling altar of Nemelex Xobeh.
 14885 | D:8      | Noticed iamoutofideas's ghost (novice HOBe)
 15199 | D:8      | Reached skill level 5 in Necromancy
 15487 | Lair:1   | Identified the +4 demon whip of the Rattlesnake {pain,
                  | Int+5}
 15936 | Lair:1   | Reached skill level 12 in Fighting
 16826 | D:5      | Bought a scroll of blinking for 82 gold pieces
 16826 | D:5      | Bought a scroll of teleportation for 33 gold pieces
 16826 | D:5      | Bought a scroll of teleportation for 33 gold pieces
 16826 | D:5      | Bought a scroll of teleportation for 33 gold pieces
 16826 | D:5      | Bought a scroll of teleportation for 33 gold pieces
 16826 | D:5      | Gained mutation: You possess an exceptional clarity of
                  | mind. [potion of mutation]
 16826 | D:5      | Gained mutation: You have very sharp teeth. [potion of
                  | mutation]
 16917 | D:10     | Entered Level 10 of the Dungeon
 16923 | D:10     | Found a glowing golden altar of the Shining One.
 17533 | Lair:2   | Noticed a death yak
 17533 | Lair:2   | Noticed a death yak
 17535 | Lair:2   | Noticed a death yak
 17538 | Lair:2   | Noticed a death yak
 18476 | Lair:2   | Noticed a skyshark
 18493 | Lair:2   | Killed a skyshark
 18494 | Lair:2   | Reached XP level 12. HP: 133/133 MP: 20/20
 18679 | Lair:1   | Killed a death yak
 18973 | Lair:1   | Learned a level 2 spell: Jinxbite
 18995 | Lair:1   | Killed a death yak
 19345 | Lair:2   | Found a transporter.
 19347 | Lair:2   | Found a transporter.
 19348 | Lair:2   | Noticed a boulder beetle
 19348 | Lair:2   | Noticed a boulder beetle
 19442 | Lair:2   | Found a hole to the Spider Nest.
 19655 | Lair:1   | Killed a death yak
 19656 | Lair:1   | Reached skill level 13 in Fighting
 19656 | Lair:1   | Reached skill level 1 in Hexes
 19796 | Lair:2   | Killed a death yak
 20685 | Lair:3   | Noticed Snorg
 20707 | Lair:3   | Killed Snorg
 20707 | Lair:3   | Reached **** piety under Kikubaaqudgha
 20708 | Lair:3   | Reached skill level 10 in Shapeshifting
 20946 | Lair:3   | Reached skill level 10 in Unarmed Combat
 21096 | Lair:3   | Noticed an eight-headed hydra
 21109 | Lair:3   | Killed an eight-headed hydra
 22425 | Lair:3   | Found a staircase to the Shoals.
 22614 | Lair:3   | Reached XP level 13. HP: 136/145 MP: 21/21
 22856 | Lair:4   | Reached skill level 14 in Fighting
 22978 | Lair:5   | Entered Level 5 of the Lair of Beasts
 22978 | Lair:5   | Found a viscous altar of Jiyva.
 23128 | Lair:5   | HP: 6/146 [blink frog (9)]
 23131 | Lair:5   | HP: 2/146 [water moccasin (3)]
 23132 | Lair:5   | Found a staircase to the Slime Pits.
 23132 | Lair:5   | Succumbed to a water moccasin's poison

Illustrated notes

Levels and vault maps discovered:
D:1:      ncdulo_watergridlock, layout_basic, serial_shops,
          nicolae_shop_drivethru, minivault_19
D:2:      layout_loops_ring, corexii_corridor_pit,
          chequers_serial_rivers_small_a, st_stairs_7, nrook_uturn
D:3:      layout_loops_ring, yredelemnul_forgotten_temple_becter,
          grunt_temple_overflow_diamond
D:4:      layout_rooms, nzn_wu_jian_contemplation, mainiacjoe_overflow_brackets,
          minmay_temple_entry_fiery, serial_corexii_hall,
          chequers_hall_statues_corner_a, corexii_hall_statues_l,
          portal_sewer_entry_f, kennysheep_generic_room_10
D:5:      minmay_thinvault, layout_basic, serial_shops, shop,
          nicolae_fountain_basement, uniq_sigmund
D:6:      layout_gridville, mainiacjoe_overflow_boulevard,
          corexii_item_surrounded_by_moat
D:7:      layout_rooms, uniq_crazy_yiuf_cottage
D:8:      layout_loops_ring, mainiacjoe_overflow_alcove_1,
          erik_lair_orcish_takeover, ebering_ghost_reflecting_pool,
          uniq_amaemon, uniq_jeremiah, uniq_joseph
D:9:      layout_stronghold, orc_0_dummy, kb_lookout_dungeons_type,
          kennysheep_small_circle
D:10:     layout_irregular_city, tso_oasis_becter, grunt_ministairs_1,
          feat_on_display, uniq_harold
Temple:   nicolae_temple_figure_eight
Lair:1:   layout_cave_shapes
Lair:2:   gammafunk_boulding_lane, layout_loops_ring,
          nicolae_spider_entry_non_spiders
Lair:3:   layout_loops_ring, elwin_shoals_entry_rooms, uniq_snorg
Lair:4:   layout_roguey, hibernation_bobbens, serial_bayou_shore_b
Lair:5:   hangedman_lair_in_review, layout_regular_city, slime_entry_1,
          minmay_hedge_maze

Skill      XL: |  1  2  3  4  5  6  7  8  9 10 11 12 13 |
---------------+----------------------------------------+-----
Fighting       | 2 3 4 5 7 9 11 12 13 14 | 14.1
Spellcasting   | 1 2 3 4 5 |  5.9
Unarmed Combat | 3 4 5 7 8 9 10 | 10.4
Shapeshifting  | 4 5 7 8 9 10 | 10.5
Necromancy     | 1 4 6 7 |  7.7
Hexes          | 3 4 |  4.1
Dodging        | |  1.7

Action                     |  1- 3 |  4- 6 |  7- 9 | 10-12 | 13-15 || total
---------------------------+-------+-------+-------+-------+-------++-------
  Melee: Dagger            |   118 |   175 |       |       |       ||   293
         Unarmed           |     3 |       |   175 |   375 |       ||   553
         Punch             |     1 |     6 |    12 |       |       ||    19
         Whip              |       |    89 |    82 |       |       ||   171
         Giant spiked club |       |       |    40 |       |       ||    40
         Quarterstaff      |       |       |       |   242 |    38 ||   280
         Bite              |       |       |       |    53 |     6 ||    59
  Throw: Dart              |       |       |    11 |    34 |     6 ||    51
         Large rock        |       |       |       |       |     3 ||     3
   Cast: Vampiric Draining |       |       |       |     8 |       ||     8
         Wereblood         |       |       |       |     2 |       ||     2
         Jinxbite          |       |       |       |     2 |     1 ||     3
Ability: Begin Untransform |       |       |       |     1 |       ||     1
  Evoke: Wand              |       |       |       |    28 |     1 ||    29
    Use: Potion            |     1 |       |     5 |    14 |       ||    20
         Scroll            |       |     4 |    18 |    12 |     2 ||    36
   Stab: Paralysed         |       |       |       |    15 |       ||    15
         Distracted        |       |       |       |     3 |       ||     3
 Armour: Animal skin       |    82 |   184 |   131 |       |       ||   397
         Skin              |     6 |       |    18 |       |       ||    24
         Steam dragon scal |       |       |   163 |   532 |    42 ||   737
  Dodge: Dodged            |    45 |   143 |   145 |   277 |    21 ||   631
  Block: Other             |       |       |       |   111 |    12 ||   123
   Form: Flux              |       |       |     1 |       |       ||     1

Table legend: (Time is in decaauts)
 A = Elapsed time spent in this place.
 B = Non-inter-level travel time spent in this place.
 C = Inter-level travel time spent in this place.
 D = Time resting spent in this place.
 E = Time spent auto-exploring this place.
 F = Levels seen in this place.
 G = Mean time per level.
                   A        B        C        D        E       F      G
               +--------+--------+--------+--------+--------+-----+--------+
         Total |  23224 |  21493 |   1731 |   8281 |   7831 |  17 | 1366.1 |
       Dungeon |  15188 |  13753 |   1435 |   4573 |   5759 |  10 | 1518.8 |
        Temple |     80 |     41 |     39 |      0 |      0 |   1 |   80.0 |
          Lair |   7182 |   6925 |    257 |   3289 |   1994 |   5 | 1436.4 |
         Sewer |    772 |    772 |      0 |    419 |     78 |   1 |  772.0 |
               +--------+--------+--------+--------+--------+-----+--------+

Top non-repeatable levels by time:
     D:8: 2914 daAuts
  Lair:1: 2610 daAuts
     D:5: 2376 daAuts
     D:9: 2177 daAuts
  Lair:3: 2145 daAuts
  Lair:2: 2045 daAuts
     D:6: 1732 daAuts
     D:7: 1462 daAuts
     D:4: 1387 daAuts
     D:2: 1310 daAuts
     D:1: 881 daAuts
     D:3: 820 daAuts
   Sewer: 772 daAuts
  Lair:4: 216 daAuts
  Lair:5: 164 daAuts
